IL
NORFOLK TIDES @ INDIANAPOLIS INDIANS
06/22/2098
 
TOP OF THE 1ST
Norfolk Tides batting - Pitching for Indianapolis Indians : RHP Preston Berrie
Pitching: RHP Preston Berrie
Batting: RHB Dale Norvell 0-0: Called Strike
0-1: Ball
1-1: Fly out, F8 (Flyball, 8LS, EV 81.9 MPH)
Batting: RHB Lloyd Hallamore 0-0: Called Strike
0-1: Ball
1-1: Ball
2-1: Fly out, F6 (Popup, 4MD, EV 67.5 MPH)
Batting: RHB Eliezer Frias 0-0: Ball
1-0: Called Strike
1-1: Swinging Strike
1-2: Strikes out swinging
Top of the 1st over - 0 runs, 0 hits, 0 errors, 0 left on base; Norfolk 0 - Indianapolis 0
BOTTOM OF THE 1ST
Indianapolis Indians batting - Pitching for Norfolk Tides : LHP Kyle Sledge
Pitching: LHP Kyle Sledge
Batting: LHB Phil Samsa 0-0: Ball
1-0: Ball
2-0: Ball
3-0: Fly out, F9 (Flyball, 9LS, EV 90.6 MPH)
Batting: RHB Kevin Wallace 0-0: Called Strike
0-1: Ball
1-1: Called Strike
1-2: Foul Ball, location: 25FF
1-2: Ball
2-2: Fly out, F7 (Flyball, 7, EV 81.3 MPH)
Batting: RHB John Gallegos 0-0: Ball
1-0: Called Strike
1-1: Swinging Strike
1-2: Ball
2-2: Strikes out swinging
Bottom of the 1st over - 0 runs, 0 hits, 0 errors, 0 left on base; Norfolk 0 - Indianapolis 0
TOP OF THE 2ND
Norfolk Tides batting - Pitching for Indianapolis Indians : RHP Preston Berrie
Batting: LHB Kevin Traynham 0-0: Foul Ball, location: 25F
0-1: Swinging Strike
0-2: Ball
1-2: Ball
2-2: Strikes out swinging
Batting: RHB Tom Swierczewski 0-0: Called Strike
0-1: Ball
1-1: Ball
2-1: Called Strike
2-2: Strikes out swinging
Batting: RHB Pedro Jimenez 0-0: Ball
1-0: Fly out, F9 (Flyball, 89S, EV 87.5 MPH)
Top of the 2nd over - 0 runs, 0 hits, 0 errors, 0 left on base; Norfolk 0 - Indianapolis 0
BOTTOM OF THE 2ND
Indianapolis Indians batting - Pitching for Norfolk Tides : LHP Kyle Sledge
Batting: SHB Akira Nagata 0-0: Ball
1-0: Called Strike
1-1: Swinging Strike
1-2: Strikes out swinging
Batting: SHB Carlos Martinez 0-0: Fly out, F8 (Flyball, 8RD, EV 94.4 MPH)
Batting: RHB Carlos Cabal 0-0: Swinging Strike
0-1: Ground out 6-3 (Groundball, 6, EV 86.9 MPH)
Bottom of the 2nd over - 0 runs, 0 hits, 0 errors, 0 left on base; Norfolk 0 - Indianapolis 0
TOP OF THE 3RD
Norfolk Tides batting - Pitching for Indianapolis Indians : RHP Preston Berrie
Batting: RHB Aaron Rego 0-0: Foul Ball, location: 25F
0-1: Called Strike
0-2: Strikes out looking
Batting: RHB Evan Keaton 0-0: Called Strike
0-1: Swinging Strike
0-2: Ball
1-2: Strikes out swinging
Batting: LHB Steve Turek 0-0: Ball
1-0: Ball
2-0: Swinging Strike
2-1: Swinging Strike
2-2: Foul Ball, location: 7LSF
2-2: Strikes out swinging
Top of the 3rd over - 0 runs, 0 hits, 0 errors, 0 left on base; Norfolk 0 - Indianapolis 0
BOTTOM OF THE 3RD
Indianapolis Indians batting - Pitching for Norfolk Tides : LHP Kyle Sledge
Pitching: RHP Eric Dick
Batting: RHB Collin Toth 0-0: Ground out 6-3 (Groundball, 6, EV 106.9 MPH)
Batting: RHB Jon Velasquez 0-0: Ball
1-0: Called Strike
1-1: Ball
2-1: Foul Ball, location: 3FF
2-2: Ball
3-2: Fly out, F9 (Flyball, 9LS, EV 73.1 MPH)
Batting: SHB Bob Peterson 0-0: Ball
1-0: Called Strike
1-1: Ball
2-1: Swinging Strike
2-2: Ball
3-2: Base on Balls
Batting: LHB Phil Samsa 0-0: Ball
1-0: Ball
2-0: Fly out, F7 (Flyball, 7LD, EV 92.5 MPH)
Bottom of the 3rd over - 0 runs, 0 hits, 0 errors, 1 left on base; Norfolk 0 - Indianapolis 0
TOP OF THE 4TH
Norfolk Tides batting - Pitching for Indianapolis Indians : RHP Preston Berrie
Batting: RHB Dale Norvell 0-0: Swinging Strike
0-1: Called Strike
0-2: Foul Ball, location: 5DF
0-2: Ball
1-2: Strikes out swinging
Batting: RHB Lloyd Hallamore 0-0: Fly out, F9 (Flyball, 89S, EV 90.0 MPH)
Batting: RHB Eliezer Frias 0-0: Swinging Strike
0-1: Ball
1-1: Ball
2-1: Foul Ball, location: 9LSF
2-2: Foul Ball, location: 2F
2-2: Ground out 1-3 (Groundball, 34S, EV 64.4 MPH)
Top of the 4th over - 0 runs, 0 hits, 0 errors, 0 left on base; Norfolk 0 - Indianapolis 0
BOTTOM OF THE 4TH
Indianapolis Indians batting - Pitching for Norfolk Tides : RHP Eric Dick
Batting: RHB Kevin Wallace 0-0: Foul Ball, location: 7LSFF
0-1: Fly out, F4 (Popup, 23, EV 85.0 MPH)
Batting: RHB John Gallegos 0-0: Ball
1-0: Ball
2-0: Foul Ball, location: 9LDF
2-1: Swinging Strike
2-2: Foul Ball, location: 2F
2-2: Ball
3-2: Foul Ball, location: 7LMF
3-2: Ground out 6-3 (Groundball, 6, EV 98.1 MPH)
Batting: SHB Akira Nagata 0-0: Called Strike
0-1: Foul Ball, location: 2F
0-2: Strikes out looking
Bottom of the 4th over - 0 runs, 0 hits, 0 errors, 0 left on base; Norfolk 0 - Indianapolis 0
TOP OF THE 5TH
Norfolk Tides batting - Pitching for Indianapolis Indians : RHP Preston Berrie
Batting: LHB Kevin Traynham 0-0: Ball
1-0: Called Strike
1-1: Ball
2-1: Foul Ball, location: 3DF
2-2: Ball
3-2: Ground out 4-3 (Groundball, 4, EV 110.6 MPH)
Batting: RHB Tom Swierczewski 0-0: Foul Ball, location: 23F
0-1: Fly out, F8 (Flyball, 8RD, EV 100.6 MPH)
Batting: RHB Pedro Jimenez 0-0: Called Strike
0-1: Ground out 6-3 (Groundball, 6, EV 90.0 MPH)
Top of the 5th over - 0 runs, 0 hits, 0 errors, 0 left on base; Norfolk 0 - Indianapolis 0
BOTTOM OF THE 5TH
Indianapolis Indians batting - Pitching for Norfolk Tides : RHP Eric Dick
Batting: SHB Carlos Martinez 0-0: Ball
1-0: Ball
2-0: Foul Ball, location: 2F
2-1: Ground out 3-1 (Groundball, 34S, EV 84.4 MPH)
Batting: RHB Carlos Cabal 0-0: Ball
1-0: Called Strike
1-1: Called Strike
1-2: Fly out, F9 (Flyball, 89M, EV 90.6 MPH)
Batting: RHB Collin Toth 0-0: Ball
1-0: Fly out, F8 (Flyball, 8LS, EV 94.4 MPH)
Bottom of the 5th over - 0 runs, 0 hits, 0 errors, 0 left on base; Norfolk 0 - Indianapolis 0
TOP OF THE 6TH
Norfolk Tides batting - Pitching for Indianapolis Indians : RHP Preston Berrie
Batting: RHB Aaron Rego 0-0: Ball
1-0: Swinging Strike
1-1: Foul Ball, location: 7LSF
1-2: Ball
2-2: Ground out 4-3 (Groundball, 4, EV 95.6 MPH)
Batting: RHB Evan Keaton 0-0: Ball
1-0: Swinging Strike
1-1: Swinging Strike
1-2: Fly out, F4 (Popup, 4, EV 70.6 MPH)
Batting: LHB Steve Turek 0-0: Called Strike
0-1: Ball
1-1: Called Strike
1-2: Ball
2-2: Strikes out looking
Top of the 6th over - 0 runs, 0 hits, 0 errors, 0 left on base; Norfolk 0 - Indianapolis 0
BOTTOM OF THE 6TH
Indianapolis Indians batting - Pitching for Norfolk Tides : RHP Eric Dick
Pinch Hitting: RHB Mike Mellor 0-0: Swinging Strike
0-1: Ball
1-1: Fly out, F8 (Flyball, 89XD, EV 111.3 MPH)
Batting: SHB Bob Peterson 0-0: Called Strike
0-1: Called Strike
0-2: Ball
1-2: Strikes out swinging
Batting: LHB Phil Samsa 0-0: Ball
1-0: SINGLE (Line Drive, 89S, EV 110.0 MPH)
Batting: RHB Kevin Wallace 0-0: Foul Ball, location: 9LDF
0-1: Ball
1-1: Ball
2-1: Foul Ball, location: 3SF
2-2: Strikes out swinging
Bottom of the 6th over - 0 runs, 1 hit, 0 errors, 1 left on base; Norfolk 0 - Indianapolis 0
TOP OF THE 7TH
Norfolk Tides batting - Pitching for Indianapolis Indians : RHP Preston Berrie
Now at 1B: John Gallegos
Now at 3B: Mike Mellor
Now at SS: Phil Samsa
Batting: RHB Dale Norvell 0-0: Ball
1-0: Ball
2-0: Ball
3-0: Base on Balls
Batting: RHB Lloyd Hallamore 0-0: Ball
1-0: Fly out, F7 (Flyball, 78M, EV 90.6 MPH)
Batting: RHB Eliezer Frias 0-0: Called Strike
0-1: Called Strike
Dale Norvell steals 2nd base
0-2: Strikes out swinging
Batting: LHB Kevin Traynham 0-0: Swinging Strike
0-1: Foul Ball, location: 2F
0-2: Ball
1-2: Ball
2-2: Ball
3-2: Strikes out swinging
Top of the 7th over - 0 runs, 0 hits, 0 errors, 1 left on base; Norfolk 0 - Indianapolis 0
BOTTOM OF THE 7TH
Indianapolis Indians batting - Pitching for Norfolk Tides : RHP Eric Dick
Batting: RHB John Gallegos 0-0: Called Strike
0-1: Ball
1-1: Ground out 6-3 (Groundball, 6, EV 103.1 MPH)
Batting: SHB Akira Nagata 0-0: Ball
1-0: Ground out 4-3 (Groundball, 4, EV 89.4 MPH)
Batting: SHB Carlos Martinez 0-0: Ball
1-0: Fly out, F5 (Popup, 25F, EV 83.1 MPH)
Bottom of the 7th over - 0 runs, 0 hits, 0 errors, 0 left on base; Norfolk 0 - Indianapolis 0
TOP OF THE 8TH
Norfolk Tides batting - Pitching for Indianapolis Indians : RHP Preston Berrie
Pinch Hitting: SHB Mike Mynhier 0-0: Ball
1-0: Called Strike
1-1: Ball
2-1: SOLO HOME RUN (Flyball, 89XD, EV 99.4 MPH), Distance : 397 ft
Pitching: RHP Dale Lydon
Batting: RHB Pedro Jimenez 0-0: Fly out, F8 (Line Drive, 8RM, EV 86.3 MPH)
Batting: RHB Aaron Rego 0-0: DOUBLE (Groundball, 3L, EV 107.5 MPH)
Batting: RHB Evan Keaton 0-0: Called Strike
0-1: Ball
1-1: SINGLE (Line Drive, 89S, EV 93.1 MPH)
Aaron Rego to third
Batting: LHB Steve Turek 0-0: Foul Ball, location: 2F
0-1: Fly out, F8 (Flyball, 8RXD, EV 105.6 MPH)
Runner from 3rd tags up, SCORES, no throw by CF
Batting: RHB Dale Norvell 0-0: Ball
1-0: Fly out, F9 (Line Drive, 89M, EV 83.1 MPH)
Top of the 8th over - 2 runs, 3 hits, 0 errors, 1 left on base; Norfolk 2 - Indianapolis 0
BOTTOM OF THE 8TH
Indianapolis Indians batting - Pitching for Norfolk Tides : RHP Eric Dick
Now at 1B: Mike Mynhier
Now in LF: Dale Norvell
Now in CF: Julio Elorza
Batting: RHB Carlos Cabal 0-0: Ball
1-0: Ball
2-0: Swinging Strike
2-1: Foul Ball, location: 2F
2-2: Foul Ball, location: 3FF
2-2: Strikes out swinging
Pinch Hitting: LHB Travis Hicks 0-0: Foul Ball, location: 23F
0-1: Ball
1-1: Ball
2-1: Ground out 6-3 (Groundball, 6, EV 86.3 MPH)
Batting: RHB Mike Mellor 0-0: Ball
1-0: Fly out, F8 (Flyball, 8LD, EV 85.0 MPH)
Bottom of the 8th over - 0 runs, 0 hits, 0 errors, 0 left on base; Norfolk 2 - Indianapolis 0
TOP OF THE 9TH
Norfolk Tides batting - Pitching for Indianapolis Indians : RHP Dale Lydon
Now in LF: Travis Hicks
Batting: RHB Lloyd Hallamore 0-0: Ball
1-0: Foul Ball, location: 25F
1-1: Ball
2-1: Called Strike
2-2: Foul Ball, location: 2F
2-2: Ball
3-2: Strikes out swinging
Batting: RHB Eliezer Frias 0-0: Ball
1-0: Ball
2-0: Called Strike
2-1: Ball
3-1: Foul Ball, location: 2F
3-2: Foul Ball, location: 9LDF
3-2: Base on Balls
Batting: LHB Julio Elorza 0-0: Ball
1-0: Swinging Strike
1-1: Ball
2-1: Ball
3-1: Fly out, F4 (Popup, 4, EV 53.8 MPH)
Batting: SHB Mike Mynhier 0-0: Fly out, F7 (Flyball, 7LMF, EV 88.8 MPH)
Top of the 9th over - 0 runs, 0 hits, 0 errors, 1 left on base; Norfolk 2 - Indianapolis 0
BOTTOM OF THE 9TH
Indianapolis Indians batting - Pitching for Norfolk Tides : RHP Eric Dick
Batting: SHB Bob Peterson 0-0: Swinging Strike
0-1: Ball
1-1: Ball
2-1: Ball
3-1: Foul Ball, location: 2F
3-2: Foul Ball, location: 9LSF
3-2: Foul Ball, location: 3F
3-2: Reached on error, E4 (Groundball, 4, EV 85.0 MPH)
Batting: LHB Phil Samsa 0-0: Grounds into double play, 5-4-3 (Groundball, 56, EV 105.6 MPH)
Batting: RHB Kevin Wallace 0-0: Ball
1-0: Called Strike
1-1: Fly out, F8 (Flyball, 8LM, EV 85.6 MPH)
Bottom of the 9th over - 0 runs, 0 hits, 1 error, 0 left on base; Norfolk 2 - Indianapolis 0
Sunday, April 7th , 2024 - OOTP Baseball 24.11 Build 85